 Dungeon Crawl Stone Soup version 0.30-a0-939-gc8157cb160 (webtiles) character file.

Game seed: 10110109366507274886

2753 NotreDorf the Ruffian (level 9, 0/89 HPs)
             Began as a Troll Gladiator on Mar 25, 2023.
             Slain by a troll (12 damage)
             ... on level 7 of the Dungeon.
             The game lasted 00:17:51 (4718 turns).

NotreDorf the Ruffian (Troll Gladiator)             Turns: 4718, Time: 00:17:51

Health: 0/89       AC:  4    Str: 29    XL:     9   Next: 41%
Magic:  8/8        EV: 11    Int:  9    God:
Gold:   372        SH:  5    Dex: 11    Spells: 8/8 levels left

rFire   . . .      SeeInvis .      - Unarmed
rCold   . . .      Faith    .    (no shield)
rNeg    + . .      Spirit   .    a - +0 robe
rPois   .          Reflect  +    b - +0 hat
rElec   .          Rampage  .    (no cloak)
rCorr   +                        (gloves unavailable)
Will    .....                    (boots unavailable)
Stlth   +                        C - amulet "Vyet" {Reflect +Inv Str+3 Int+3 SH+5}
HPRegen 1.14/turn                v - ring of resist corrosion
MPRegen 0.11/turn                n - ring of positive energy

@: hasted, very quick
A: large, unfitting armour, claws 3, regeneration 1, shaggy fur 1, tough skin 1
a: Evoke Invisibility


You were on level 7 of the Dungeon.
You visited 2 branches of the dungeon, and saw 8 of its levels.

You collected 372 gold pieces.

Inventory:

Hand Weapons
 l - a +0 morningstar
Missiles
 c - 4 throwing nets
 d - a large rock (quivered)
Armour
 a - a +0 robe (worn)
 b - a +0 hat (worn)
 x - a +0 kite shield
Jewellery
 n - a ring of positive energy (right claw)
 v - a ring of resist corrosion (left claw)
 C - the amulet "Vyet" (around neck) {Reflect +Inv Str+3 Int+3 SH+5}
   (You found it on level 7 of the Dungeon)

   [amulet of reflection]

   It reflects blocked missile attacks.
   Str:       It affects your strength (+3).
   Int:       It affects your intelligence (+3).
   +Inv:      It lets you turn invisible.
   SH:        It affects your SH (+5).
Wands
 y - a wand of flame (24)
 z - a wand of charming (14)
Scrolls
 f - a scroll of enchant armour {unknown}
 g - a scroll of blinking {unknown}
 h - a scroll of enchant weapon {unknown}
 m - a scroll of teleportation
 q - a scroll of noise {unknown}
 s - a scroll of fear {unknown}
 u - 2 scrolls of vulnerability {unknown}
 D - a scroll of magic mapping {unknown}
Potions
 e - a potion of curing {unknown}
 i - 2 potions of flight
 j - a potion of invisibility {unknown}
 o - 2 potions of haste
 p - a potion of heal wounds
 r - 2 potions of might
 t - a potion of degeneration {unknown}
 w - a potion of ambrosia {unknown}
 A - a potion of mutation {unknown}
 B - a potion of resistance {unknown}
 E - a potion of brilliance {unknown}


   Skills:
 + Level 5.6 Fighting
 + Level 6.0 Throwing
 + Level 6.0 Dodging
 + Level 7.1 Unarmed Combat


You had 8 spell levels left.
You didn't know any spells.
Your spell library contained the following spells:

 Spells                   Type           Power      Damage    Failure   Level
 Inner Flame              Hex/Fire       0%         N/A       77%         3
 Ozocubu's Armour         Ice            0%         N/A       77%         3
 Flame Wave               Conj/Fire      0%         2d4       99%         4
 Sticky Flame             Conj/Fire      0%         2d3       99%         4
 Ozocubu's Refrigeration  Ice            0%         4d7       100%        7


Dungeon Overview and Level Annotations

Branches:
Dungeon (7/15)             Temple (1/1) D:4

Altars:
Ashenzari
Cheibriados
Dithmenos
Elyvilon
Fedhas
Gozag
Hepliaklqana
Kikubaaqudgha
Makhleb
Nemelex Xobeh
Qazlal
Sif Muna
Trog
Uskayaw
Wu Jian
Yredelemnul
Zin
The Shining One


Innate Abilities, Weirdness & Mutations

You are too large for most types of armour.
You have claws for hands.
Your natural rate of healing is unusually fast.
You are covered in fur. (AC +1)
You have tough skin. (AC +1)


Message History

You scratch the troll but do no damage. The troll closely misses you.
The troll misses you. The troll claws you but does no damage.
You claw the troll!
The troll is moderately wounded.
The deep elf pyromancer gestures wildly while chanting.
You block the troll's attack. The troll claws you. The troll claws you!
You scratch the troll.
The troll is heavily wounded.
The troll bites you. The troll closely misses you. The troll claws you.
You closely miss the troll.
The troll is moderately wounded.
The troll bites you. The troll claws you. The troll claws you!
The fire elemental hits you. The fire elemental burns you!
The deep elf pyromancer is engulfed in blazing flames.
Items here: )) ††.
You mangle the fire elemental!!
The fire elemental is heavily damaged.
The fire elemental hits you. The fire elemental burns you!
The deep elf pyromancer is engulfed in blazing flames.
The deep elf pyromancer casts a spell.
You closely miss the fire elemental.
The fire elemental is heavily damaged.
The fire elemental hits you. The fire elemental burns you!
* * * LOW HITPOINT WARNING * * *
The deep elf pyromancer is engulfed in blazing flames.
You feel much better. The fire elemental hits you.
The fire elemental burns you! The fire elemental hits you.
The fire elemental burns you!
The fire elemental disappears in a puff of smoke! x2
You feel yourself speed up. The troll bites you!
* * * LOW HITPOINT WARNING * * *
You block the troll's attack. The troll claws you but does no damage.
You closely miss the troll.
The troll is moderately wounded.
You scratch the troll but do no damage.
The troll is moderately wounded.
The troll bites you!
* * * LOW HITPOINT WARNING * * *
The troll claws you!
You die...

#.#.# #...# #.### #.#
.♣♣♣♣♣♣♣♣#### #.#
♣...e?...'..# #.#
♣....T...'..# #.#
.♣♣♣♣♣♣♣♣##.# #.# #.#
#@### #.# #T#.##
##.####.)..#
#.......#°##
#.#######°#
##.#######.#######
####.#.......[.......
#...###........######
#.##.#.........#


You could see a troll.

Vanquished Creatures
  Eustachio (D:6)
  Menkaure (D:4)
  Duvessa (D:6)
  A water moccasin (D:7)
  3 black bears
  4 ice beasts
  An ogre (D:6)
  A centaur (D:7)
  2 necrophages (D:4)
  A gnoll sergeant (D:7)
  2 scorpions
  3 bullfrogs
  Dowan (D:6)
  4 killer bees (D:7)
  An oklob sapling (D:4)
  A human zombie (D:4)
  A centaur zombie (D:4)
  2 bullfrog zombies (D:4)
  4 hounds
  3 jellies
  2 scorpion zombies (D:4)
  2 orc wizards
  A hound zombie (D:4)
  3 mummies (D:4)
  12 gnolls
  4 adders
  A shadow imp (D:6)
  A white imp (D:6)
  An ufetubus (D:7)
  3 dart slugs
  14 orcs
  4 bats
  3 endoplasms
  3 giant cockroaches
  2 goblins
  6 hobgoblins
  10 jackals
  4 kobolds
  3 quokkas
  10 ball pythons
  A frilled lizard (D:1)
  7 rats
135 creatures vanquished.

Vanquished Creatures (others)
  A deep elf pyromancer (D:7)
  7 plants (D:4)
8 creatures vanquished.

Grand Total: 143 creatures vanquished

Notes
Turn   | Place    | Note
-------+----------+-------------------------------------------
     0 | D:1      | NotreDorf the Troll Gladiator began the quest for the Orb.
     0 | D:1      | Reached XP level 1. HP: 19/19 MP: 0/0
   114 | D:1      | Reached XP level 2. HP: 28/28 MP: 1/1
   144 | D:1      | Found a faded altar of an unknown god.
   630 | D:1      | Reached XP level 3. HP: 35/35 MP: 2/2
   822 | D:2      | You fall into a shaft and drop 1 floor!
   975 | D:3      | Reached XP level 4. HP: 34/42 MP: 3/3
  1185 | D:3      | Noticed an ice beast
  1191 | D:3      | Killed an ice beast
  1192 | D:3      | Reached skill level 4 in Unarmed Combat
  1192 | D:3      | Reached XP level 5. HP: 52/52 MP: 4/4
  1759 | D:4      | Reached XP level 6. HP: 49/61 MP: 5/5
  1838 | D:4      | Noticed Menkaure
  1844 | D:4      | Killed Menkaure
  1867 | D:4      | Found a large runed translucent door.
  1867 | D:4      | Found a large runed translucent door.
  1913 | D:4      | Found a staircase to the Ecumenical Temple.
  1945 | Temple   | Entered the Ecumenical Temple
  2190 | D:4      | Reached XP level 7. HP: 67/67 MP: 6/6
  2220 | D:4      | Found a white marble altar of Elyvilon.
  2528 | D:4      | Reached skill level 5 in Unarmed Combat
  2593 | D:4      | Found an ancient bone altar of Kikubaaqudgha.
  3044 | D:4      | Found a stormy altar of Qazlal.
  3051 | D:4      | Reached XP level 8. HP: 64/78 MP: 7/7
  3069 | D:4      | Found an opulent altar of Gozag.
  3095 | D:5      | Entered Level 5 of the Dungeon
  3355 | D:5      | Reached skill level 5 in Dodging
  3355 | D:5      | Reached skill level 6 in Unarmed Combat
  3463 | D:5      | Reached skill level 5 in Throwing
  3721 | D:6      | Found a basalt altar of Yredelemnul.
  4060 | D:6      | Reached skill level 5 in Fighting
  4100 | D:6      | Noticed Eustachio
  4122 | D:6      | Killed Eustachio
  4182 | D:6      | Noticed Dowan
  4184 | D:6      | Noticed Duvessa
  4196 | D:6      | Killed Duvessa
  4197 | D:6      | Reached XP level 9. HP: 83/88 MP: 8/8
  4207 | D:6      | Killed Dowan
  4483 | D:7      | Reached skill level 7 in Unarmed Combat
  4643 | D:7      | Identified the amulet "Vyet" {Reflect +Inv Str+3 Int+3
                  | SH+5}
  4688 | D:7      | Noticed a deep elf pyromancer
  4688 | D:7      | Noticed a troll
  4715 | D:7      | Killed a deep elf pyromancer
  4718 | D:7      | Slain by a troll

Illustrated notes

Levels and vault maps discovered:
D:1:      matt_arrival_spirals, layout_basic, hellmonk_ecumenical_altar_run_dry,
          st_stairs_1
D:2:      layout_loops_ring, uniq_crazy_yiuf_cottage, uniq_robin
D:3:      layout_basic
D:4:      layout_loops_cross, lemuel_mausoleum_altar_kikubaaqudgha,
          nicolae_elyvilon_temple_path, jmf_multi_god_temple2,
          minmay_temple_entry_oklob, uniq_menkaure
D:5:      nicolae_cairo_tiling_very_big, layout_rooms, minmay_crystal_room
D:6:      layout_loops_ring, yredelemnul_altar_generic, grunt_decor_fettered,
          uniq_eustachio, uniq_duvessa
D:7:      kennysheep_big_flooded_room, layout_loops_ring, vehumet_statue,
          fountainhead
Temple:   hellmonk_temple_forest_ring

Skill      XL: |  1  2  3  4  5  6  7  8  9 |
---------------+----------------------------+-----
Fighting       | 2 3 4 5 |  5.6
Throwing       | 2 3 4 5 6 |  6.0
Dodging        | 3 4 5 6 |  6.0
Unarmed Combat | 4 5 6 7 |  7.1

Action                     |  1- 3 |  4- 6 |  7- 9 || total
---------------------------+-------+-------+-------++-------
  Melee: Unarmed           |    77 |   120 |   292 ||   489
         Punch             |     1 |     1 |     9 ||    11
  Throw: Throwing net      |       |     1 |     3 ||     4
         Large rock        |       |     1 |     2 ||     3
    Use: Scroll            |       |       |     7 ||     7
         Potion            |       |       |     2 ||     2
   Stab: Held in net/web   |       |       |     1 ||     1
 Armour: Robe              |    26 |    21 |    61 ||   108
  Dodge: Dodged            |    46 |    43 |   137 ||   226
  Block: Other             |       |     7 |    53 ||    60
         Reflection        |       |       |     3 ||     3

Table legend: (Time is in decaauts)
 A = Elapsed time spent in this place.
 B = Non-inter-level travel time spent in this place.
 C = Inter-level travel time spent in this place.
 D = Time resting spent in this place.
 E = Time spent auto-exploring this place.
 F = Levels seen in this place.
 G = Mean time per level.
                   A        B        C        D        E       F      G
               +--------+--------+--------+--------+--------+-----+--------+
         Total |   4670 |   4547 |    123 |    151 |   3381 |   8 |  583.8 |
       Dungeon |   4494 |   4389 |    105 |    151 |   3234 |   7 |  642.0 |
        Temple |    175 |    157 |     18 |      0 |    147 |   1 |  175.0 |
               +--------+--------+--------+--------+--------+-----+--------+

Top non-repeatable levels by time:
     D:4: 1161 daAuts
     D:3: 915 daAuts
     D:1: 719 daAuts
     D:6: 702 daAuts
     D:5: 586 daAuts
     D:7: 310 daAuts
  Temple: 175 daAuts
     D:2: 99 daAuts
